 Dungeon Crawl Stone Soup version 0.28-a0-850-g09de17f5b5 (webtiles) character file.

Game seed: 14596508481847435185

38077 Ryanpin the Severer (level 13, -5/119 HPs)
             Began as a Minotaur Berserker on Nov 13, 2021.
             Was a High Priest of Trog.
             Slain by a sphinx (7 damage)
             ... summoned by Kirke
             ... while paralysed by a sphinx
             ... on level 6 of the Lair of Beasts.
             The game lasted 01:05:10 (19167 turns).

Ryanpin the Severer (Minotaur Berserker)           Turns: 19167, Time: 01:05:10

Health: -5/119     AC:  0    Str: 26    XL:     13   Next: 61%
Magic:  12/12      EV:  3    Int:  4    God:    Trog [*****.]
Gold:   1117       SH:  0    Dex: 11    Spells: 12/12 levels left

rFire   . . .      SeeInvis .   (weapon currently unavailable)
rCold   . . .      Faith    .   (shield currently unavailable)
rNeg    . . .      Spirit   .   (armour currently unavailable)
rPois   .          Reflect  +   (helmet currently unavailable)
rElec   .          Harm     .   (cloak currently unavailable)
rCorr   .          Rampage  .   (gloves currently unavailable)
Will    .....                   (boots currently unavailable)
Stlth   +.........              s - amulet of reflection
HPRegen 0.29/turn               (ring currently unavailable)
MPRegen 0.13/turn               (ring currently unavailable)

@: paralysed, pig-form, spiked, slowed, very quick
A: fast, no casting, small, (horns 2), (retaliatory headbutt)
a: Renounce Religion, Berserk, Trog's Hand, Brothers in Arms


You were on level 6 of the Lair of Beasts.
You worshipped Trog.
Trog was extremely pleased with you.
You were a filthy swine.
You visited 2 branches of the dungeon, and saw 16 of its levels.

You collected 1144 gold pieces.
You spent 27 gold pieces at shops.

Inventory:

Hand Weapons
 t - a +4 scythe of flaming
 K - a +4 war axe of freezing (melded)
 Q - the +9 hand axe "Dragonbane" {vamp, rN+ Dex+4}
   (You found it on level 2 of the Lair of Beasts)

   It occasionally heals its wielder for a portion of the damage dealt when it
   wounds a living foe.
   Dex:       It affects your dexterity (+4).
   rN:        It protects you from negative energy.
 R - a +4 battleaxe
Missiles
 u - 4 throwing nets
 w - 73 poisoned darts (quivered)
 x - 11 curare-tipped darts
Armour
 e - a +2 scale mail of willpower (melded)
 F - a +2 cloak (melded)
 M - a +1 leather armour of fire resistance
Jewellery
 i - a +6 ring of strength (melded)
 p - a ring of poison resistance (melded)
 s - an amulet of reflection (around neck)
 A - an amulet of guardian spirit
 H - a +6 ring of strength
 P - a ring of fire
Wands
 f - a wand of paralysis (15)
 m - a wand of charming (6)
 y - a wand of polymorph (11)
 J - a wand of iceblast (10)
Scrolls
 a - a scroll of enchant weapon {unknown}
 b - 4 scrolls of teleportation
 d - a scroll of brand weapon {unknown}
 l - a scroll of vulnerability {unknown}
 o - 3 scrolls of blinking
 q - 2 scrolls of fog
 r - 2 scrolls of fear
 B - 2 scrolls of enchant armour
 C - 3 scrolls of immolation
 D - a scroll of holy word {unknown}
 G - 4 scrolls of amnesia
 I - 2 scrolls of acquirement {unknown}
 L - 2 scrolls of noise {unknown}
 N - a scroll of summoning {unknown}
Potions
 c - a potion of invisibility {unknown}
 g - 4 potions of curing
 h - 2 potions of attraction
 j - 2 potions of might {unknown}
 k - 3 potions of heal wounds
 n - 2 potions of lignification
 v - a potion of ambrosia {unknown}
 z - 3 potions of mutation
 O - a potion of cancellation {unknown}
 S - a potion of haste
Miscellaneous
 E - a lightning rod (4/4)


   Skills:
 + Level 12.8 Fighting
 - Level 16.0 Axes
 + Level 11.9 Armour
 + Level 11.7 Dodging
 * Level 8.7 Evocations


You had 12 spell levels left.
You didn't know any spells.
Your spell library was empty.

Dungeon Overview and Level Annotations

Branches:
Dungeon (10/15)            Temple (0/1) D:6            Lair (6/6) D:9
  Swamp (0/4) Lair:2       Spider (0/4) Lair:2
  Slime: Lair:5-6       Orc: D:9-12

Altars:
Cheibriados
Fedhas
Gozag
Trog
Uskayaw
Wu Jian
Zin

Shops:
D:6 =*

Annotations:
D:1 1 runed translucent door
Lair:6 Kirke


Innate Abilities, Weirdness & Mutations

You are a filthy swine.
You move quickly.
Your equipment is almost entirely melded.
You are incapable of wielding weapons or throwing items.
You cannot cast spells.
((You have a pair of horns on your head.))
((You reflexively headbutt those who attack you in melee.))


Message History

The volley of spikes hits you!
The barbed spikes become lodged in your body.
The barbs in your skin will harm you if you move.
Continue?
The barbed spikes dig painfully into your body as you move.
Kirke gestures wildly while chanting.
Kirke summons a sphinx!
The manticore flicks its tail.
The volley of spikes hits you!
The barbed spikes become lodged in your body.
The barbed spikes dig painfully into your body as you move.
The barbed spikes dig painfully into your body as you move.
The sphinx casts a spell.
You feel yourself slow down.
The manticore flicks its tail.
The volley of spikes hits you!!
The barbed spikes become lodged in your body.
* * * LOW HITPOINT WARNING * * *
You feel much better.
Kirke looks more healthy.
The manticore flicks its tail.
The volley of spikes hits you!!
The barbed spikes become lodged in your body.
* * * LOW HITPOINT WARNING * * *
Kirke points at you and mumbles some strange words.
You feel as though you will be slow longer.
The sphinx mumbles some strange words.
Something smites you!
* * * LOW HITPOINT WARNING * * *
You feel much better.
The manticore flicks its tail.
The volley of spikes hits you!
The barbed spikes become lodged in your body.
* * * LOW HITPOINT WARNING * * *
The barbed spikes dig painfully into your body as you move.
* * * LOW HITPOINT WARNING * * *
The sphinx mumbles some strange words.
You suddenly lose the ability to move!
The sphinx hits you!
* * * LOW HITPOINT WARNING * * *
The sphinx hits you!
You die...

### ##.# #
###P.###########
#.#.......#.##.#.#
#...........#...##
..#....<...........#
#......h.........P#
#.......@H.........#
..........H.......##
.................#.#
..................##
.................##
.............#.†##
.............†.##
.........P..(.


You could see Kirke, a sphinx (summoned) and a manticore (summoned).

Vanquished Creatures
  Nessos (Lair:4)
  Harold (D:9)
  2 boulder beetles
  3 hydras
  Erica (D:8)
  A two-headed ogre (D:9)
  A death yak (Lair:2)
  Sonja (Lair:4)
  A lindwurm (Lair:4)
  Pikel (D:9)
  A manticore (D:10)
  7 black mambas
  11 elephants
  Joseph (Lair:1)
  A torpor snail (Lair:2)
  12 cane toads
  2 rime drakes
  A kobold demonologist (D:8)
  5 komodo dragons
  A burning bush (Lair:1)
  A polar bear (Lair:3)
  A jumping spider (Lair:2)
  Prince Ribbit (D:5)
  2 trolls (D:10)
  Grinder (D:5)
  14 blink frogs
  A dream sheep (Lair:2)
  2 redbacks (Lair:2)
  Sigmund (D:3)
  25 yaks
  4 wyverns
  A vampire (D:9)
  Grum (D:8)
  3 hogs (Lair:6)
  4 basilisks
  2 steam dragons
  Menkaure (D:7)
  11 water moccasins
  Duvessa (D:5)
  3 orc warriors
  8 black bears
  5 centaurs
  2 ogres
  3 wolves (D:8)
  A lemure (D:9)
  2 phantoms
  7 kobold brigands
  9 bullfrogs
  3 scorpions
  A wyvern skeleton (D:6)
  A water moccasin skeleton (D:4)
  Dowan (D:5)
  13 killer bees
  3 howler monkeys
  A vampire bat (Lair:2)
  3 wights (D:8)
  3 centaur zombies
  6 orc priests
  Crazy Yiuf (D:6)
  2 gnoll shamans
  2 hounds (D:6)
  A centaur skeleton (D:6)
  Jessica (D:3)
  7 hell rats (Lair:2)
  3 iguanas
  11 orc wizards
  Ijyb (D:5)
  2 hound skeletons (D:4)
  Robin (D:3)
  9 gnolls
  A howler monkey skeleton (D:5)
  5 adders
  A shadow imp (D:7)
  A white imp (D:8)
  An ufetubus (D:5)
  An adder zombie (D:5)
  An adder skeleton (D:4)
  3 dart slugs
  34 orcs
  6 ball pythons
  6 endoplasms
  2 giant cockroaches (D:1)
  11 goblins
  7 hobgoblins
  8 jackals
  24 kobolds
  3 quokkas
  11 bats
  3 rats
  A bush (Lair:4)
378 creatures vanquished.

Vanquished Creatures (collateral kills)
  2 oklob plants (Lair:4)
2 creatures vanquished.

Vanquished Creatures (others)
  A bush (Lair:2)
  22 fungi
  103 plants
126 creatures vanquished.

Grand Total: 506 creatures vanquished

Notes
Turn   | Place    | Note
-------+----------+-------------------------------------------
     0 | D:1      | Ryanpin the Minotaur Berserker began the quest for the Orb.
     0 | D:1      | Reached XP level 1. HP: 19/19 MP: 0/0
     0 | D:1      | Noticed a jelly
     1 | D:1      | Found a runed translucent door.
   125 | D:1      | Reached XP level 2. HP: 19/27 MP: 1/1
   152 | D:1      | Reached skill level 4 in Axes
   294 | D:1      | Found a faded altar of an unknown god.
   565 | D:1      | Reached XP level 3. HP: 33/33 MP: 2/2
  1050 | D:2      | Reached ** piety under Trog
  1639 | D:3      | Noticed Jessica
  1672 | D:3      | Killed Jessica
  1673 | D:3      | Reached XP level 4. HP: 40/40 MP: 3/3
  1740 | D:3      | Noticed Sigmund
  2106 | D:3      | Found a hide-covered altar of Uskayaw.
  2107 | D:3      | Noticed Robin
  2127 | D:3      | Killed Robin
  2128 | D:3      | Reached skill level 5 in Axes
  2128 | D:3      | Reached skill level 1 in Evocations
  2197 | D:3      | Found a snail-covered altar of Cheibriados.
  2303 | D:3      | Reached XP level 5. HP: 44/47 MP: 4/4
  2766 | D:4      | Reached XP level 6. HP: 31/53 MP: 5/5
  3021 | D:4      | Reached skill level 6 in Axes
  3072 | D:4      | Reached skill level 5 in Fighting
  3419 | D:4      | Found an opulent altar of Gozag.
  3532 | D:4      | Reached XP level 7. HP: 61/61 MP: 6/6
  3837 | D:3      | Killed Sigmund
  4188 | D:5      | Entered Level 5 of the Dungeon
  4199 | D:5      | Noticed Duvessa
  4200 | D:5      | Noticed Dowan
  4225 | D:5      | Killed Dowan
  4226 | D:5      | Killed Duvessa
  4227 | D:5      | Reached skill level 7 in Axes
  4353 | D:5      | Reached skill level 5 in Armour
  4419 | D:5      | Reached XP level 8. HP: 59/70 MP: 7/7
  4428 | D:5      | Reached *** piety under Trog
  4806 | D:5      | Noticed Grinder
  4814 | D:5      | Reached skill level 8 in Axes
  4814 | D:5      | Reached skill level 5 in Dodging
  4834 | D:5      | Killed Grinder
  4839 | D:5      | Noticed Prince Ribbit
  5197 | D:5      | Killed Prince Ribbit
  5468 | D:5      | Identified the +0 ring mail "Iliowon" {Rampage Str+4}
  5550 | D:5      | Noticed Ijyb
  5560 | D:5      | Killed Ijyb
  5996 | D:6      | Reached skill level 9 in Axes
  6017 | D:6      | Reached XP level 9. HP: 78/78 MP: 8/8
  6060 | D:6      | Found Giuz's Jewellery Boutique.
  6137 | D:6      | Found a staircase to the Ecumenical Temple.
  6172 | D:6      | Found Geqai's Assorted Antiques.
  6177 | D:6      | Bought a scroll labelled WIASOI YCOA for 27 gold pieces
  6887 | D:6      | Found a runed translucent door.
  6888 | D:6      | Noticed Crazy Yiuf
  6895 | D:6      | Killed Crazy Yiuf
  7038 | D:7      | Noticed Menkaure
  7725 | D:7      | Reached skill level 10 in Axes
  7824 | D:8      | Noticed Grum
  7831 | D:8      | Killed Grum
  8075 | D:7      | Killed Menkaure
  8076 | D:7      | Reached skill level 5 in Evocations
  8137 | D:7      | Reached **** piety under Trog
  8181 | D:7      | Reached XP level 10. HP: 62/88 MP: 9/9
  8320 | D:7      | Found a glowing silver altar of Zin.
  8403 | D:7      | Reached skill level 11 in Axes
  8876 | D:8      | Noticed Erica
  8911 | D:8      | Killed Erica
  9692 | D:8      | Reached skill level 12 in Axes
  9824 | D:8      | Reached ***** piety under Trog
  9929 | D:9      | Found a bloodstained altar of Trog.
 10168 | D:9      | Noticed Harold
 10191 | D:9      | Killed Harold
 10192 | D:9      | Reached XP level 11. HP: 97/97 MP: 10/10
 10551 | D:9      | Found a staircase to the Lair.
 10616 | D:9      | Reached skill level 13 in Axes
 10737 | D:9      | Noticed Pikel
 10745 | D:9      | Killed Pikel
 10986 | D:9      | Noticed a two-headed ogre
 11019 | D:9      | Killed a two-headed ogre
 11435 | D:10     | Entered Level 10 of the Dungeon
 11851 | D:10     | Reached skill level 10 in Fighting
 11998 | D:10     | Found an ornate altar of the Wu Jian Council.
 12344 | Lair:1   | Entered Level 1 of the Lair of Beasts
 12371 | Lair:1   | Reached skill level 10 in Armour
 12766 | Lair:1   | Reached skill level 14 in Axes
 13269 | Lair:1   | Noticed Joseph
 13284 | Lair:1   | Killed Joseph
 13818 | Lair:2   | Reached XP level 12. HP: 108/108 MP: 11/11
 14056 | Lair:2   | Found a hole to the Spider Nest.
 14115 | Lair:2   | Received a gift from Trog
 14116 | Lair:2   | Reached skill level 15 in Axes
 14138 | Lair:2   | Identified the +9 hand axe "Dragonbane" {vamp, rN+ Dex+4}
 14186 | Lair:2   | Found a staircase to the Swamp.
 14288 | Lair:2   | Reached skill level 10 in Dodging
 14882 | Lair:2   | Noticed a death yak
 14888 | Lair:2   | Killed a death yak
 14951 | Lair:2   | Noticed a boulder beetle
 14978 | Lair:2   | Killed a boulder beetle
 15227 | Lair:2   | Noticed a five-headed hydra
 15234 | Lair:2   | Killed a two-headed hydra
 15235 | Lair:2   | Reached skill level 16 in Axes
 15959 | Lair:3   | Noticed a seven-headed hydra
 15966 | Lair:3   | Killed a five-headed hydra
 16249 | Lair:3   | Reached XP level 13. HP: 116/118 MP: 12/12
 17000 | Lair:4   | Noticed Sonja
 17032 | Lair:4   | Killed Sonja
 17494 | Lair:4   | Noticed Nessos
 17500 | Lair:4   | Killed Nessos
 17885 | Lair:4   | Found a blossoming altar of Fedhas.
 19058 | Lair:6   | Entered Level 6 of the Lair of Beasts
 19139 | Lair:6   | Noticed Kirke
 19161 | Lair:6   | Noticed a sphinx
 19165 | Lair:6   | Paralysed by a sphinx for 6 turns
 19167 | Lair:6   | HP: 2/119 [sphinx[Kirke] (17)]
 19167 | Lair:6   | Slain by a sphinx

Illustrated notes

Levels and vault maps discovered:
D:1:      dpeg_arrival_caged_fury, layout_basic,
          chequers_ecumenical_altar_grove, minmay_pentomino_o2
D:2:      layout_basic, serial_forest, infiniplex_forest_lined_3,
          infiniplex_forest_straight_4, infiniplex_forest_join,
          infiniplex_forest_lined_ring, infiniplex_forest_zigzag_1,
          minmay_cut_off
D:3:      layout_basic, eat_drink_and_be_merry_uskayaw,
          mainiacjoe_overflow_alcove_2, eino_tiny_chamber, uniq_robin,
          uniq_sigmund, uniq_jessica
D:4:      layout_basic, marbit_many_paths
D:5:      layout_cave_pods, due_unseen_surprise, uniq_ijyb, uniq_prince_ribbit1,
          uniq_duvessa, uniq_grinder
D:6:      layout_basic, minmay_temple_entry_ruins, serial_shops, shop, shop,
          uniq_crazy_yiuf_cottage
D:7:      layout_basic, kennysheep_mini, uniq_menkaure
D:8:      layout_basic, uniq_erica, uniq_grum
D:9:      layout_basic, trog_ov_bears_minmay, david_lair_generic, uniq_pikel,
          uniq_harold
D:10:     layout_long_grid, pdpol_wu_jian_five_deadly_venoms
Lair:1:   layout_hall_layers, gauntlet_entry_generic, evilmike_ambush
          [evilmike_ambush_outer_basic, evilmike_ambush_inner_pond], uniq_joseph
Lair:2:   nzn_winding_woodlands_stair_trap [nzn_winding_woodlands_5x15_jagged,
          nzn_winding_woodlands_5x15_cabin, nzn_winding_woodlands_5x15_garden,
          nzn_winding_woodlands_15x15_five_gardens,
          nzn_winding_woodlands_5x15_eye, nzn_winding_woodlands_5x15_twine,
          nzn_winding_woodlands_5x15_sidewinder], layout_regular_city,
          minmay_swamp_entry_reptiles, spider_nest_entry_funnel_web,
          serial_forest, infiniplex_forest_clump_tiny, infiniplex_forest_end_3,
          infiniplex_forest_straight_4, infiniplex_forest_straight_2,
          infiniplex_forest_clump_long, infiniplex_forest_clump_long,
          roderic_batcave
Lair:3:   layout_regular_city, lemuel_fruit_fields, grunt_megastairs_5
Lair:4:   layout_long_grid, hangedman_tree_tricks, minmay_hedge_maze,
          minivault_23, uniq_sonja, uniq_nessos
Lair:5:   layout_loops_ring, lemuel_fruit_tree
Lair:6:   grunt_lair_end_beastmaster, layout_cave_pods,
          nicolae_slime_entry_slimehenge, lemuel_fruit_fields,
          infiniplex_staircase_pool, serial_bayou_shore_b, serial_bayou_shore_b,
          uniq_kirke

Skill      XL: |  1  2  3  4  5  6  7  8  9 10 11 12 13 |
---------------+----------------------------------------+-----
Axes           | 4 5 6 7 9 10 12 14 16 | 16.0
Armour         | 3 4 5 6 7 9 10 11 | 11.9
Fighting       | 4 5 6 7 9 10 12 | 12.8
Evocations     | 1 2 3 4 5 6 8 |  8.7
Dodging        | 3 4 5 6 8 9 10 11 | 11.7

Action                   |  1- 3 |  4- 6 |  7- 9 | 10-12 | 13-15 || total
-------------------------+-------+-------+-------+-------+-------++-------
Melee: Hand axe          |    68 |    17 |       |    15 |       ||   100
       Headbutt          |    10 |    21 |    45 |    99 |    38 ||   213
       Unarmed           |     6 |       |       |       |       ||     6
       War axe           |       |    65 |   211 |   270 |    15 ||   561
       Battleaxe         |       |       |       |    82 |   136 ||   218
       Scythe            |       |       |       |    38 |     3 ||    41
Throw: Stone             |    24 |    41 |    18 |       |       ||    83
       Dart              |       |       |    20 |    57 |    26 ||   103
Invok: Berserk           |       |     2 |     6 |     6 |       ||    14
       Trog's Hand       |       |       |     3 |       |       ||     3
       Brothers in Arms  |       |       |       |       |     1 ||     1
Evoke: Wand              |       |     5 |     4 |     1 |       ||    10
       Lightning rod     |       |       |       |     3 |       ||     3
  Use: Scroll            |       |       |     5 |     6 |     5 ||    16
       Potion            |       |       |       |       |     2 ||     2
Armor: Ring mail         |     4 |       |       |       |       ||     4
       Animal skin       |     1 |       |       |       |       ||     1
       Scale mail        |    18 |    38 |    95 |   120 |    56 ||   327
       Skin              |     2 |       |       |       |       ||     2
Dodge: Dodged            |    38 |    51 |   136 |   204 |    83 ||   512
Block: Other             |       |       |    31 |    88 |    39 ||   158
       Reflection        |       |       |     1 |     7 |     1 ||     9

Table legend: (Time is in decaauts)
 A = Elapsed time spent in this place.
 B = Non-inter-level travel time spent in this place.
 C = Inter-level travel time spent in this place.
 D = Time resting spent in this place.
 E = Time spent auto-exploring this place.
 F = Levels seen in this place.
 G = Mean time per level.
                   A        B        C        D        E       F      G
               +--------+--------+--------+--------+--------+-----+--------+
         Total |  19313 |  18710 |    603 |   3043 |  10733 |  16 | 1207.1 |
       Dungeon |  12799 |  12397 |    402 |   2114 |   6427 |  10 | 1279.9 |
          Lair |   6513 |   6313 |    200 |    929 |   4306 |   6 | 1085.5 |
               +--------+--------+--------+--------+--------+-----+--------+

Top non-repeatable levels by time:
     D:9: 1948 daAuts
  Lair:2: 1940 daAuts
     D:4: 1623 daAuts
     D:5: 1538 daAuts
  Lair:4: 1467 daAuts
     D:8: 1459 daAuts
     D:6: 1245 daAuts
     D:3: 1219 daAuts
     D:7: 1194 daAuts
  Lair:1: 1129 daAuts
  Lair:3: 1073 daAuts
     D:2: 911 daAuts
    D:10: 862 daAuts
  Lair:5: 798 daAuts
     D:1: 796 daAuts
